[Event "Titled Tuesday Blitz July 4 Late 2023"]
[White "Gabdushev, Ruslan"]
[Black "Katz, Alexander"]
[WhiteFideId "4137833"]
[BlackFideId "2039796"]
[WhiteElo "2392"]
[BlackElo "2659"]
[Result "0-1"]
[Round "1"]
[TimeControl "180+2"]
[Date "2023.07.04"]
[WhiteClock "0:00:00"]
[BlackClock "0:00:09"]
[Board "90"]

1. c4 e5 2. Nc3 Nf6 3. e4 Bc5 4. g3 Nc6 5. Bg2 d6 6. h3 O-O 7. Nge2 Be6 8. d3 Nd4 9. O-O c6 10. Kh2 d5 11. b3 dxc4 12. dxc4 Qa5 13. Bb2 Rad8 14. Qc1 b5 15. cxb5 cxb5 16. Ng1 Bb4 17. Nce2 Rc8 18. Qg5 Nxe2 19. Nxe2 Nd7 20. Ng1 Rc2 21. Bc1 f6 22. Qe3 Bc5 23. Qd3 Rxa2 24. Rxa2 Qxa2 25. Qxb5 Qxb3 26. Qc6 Qb6 27. Qa4 Bd4 28. Ba3 Rc8 29. f4 Rc4 30. Qd1 h6 31. Ne2 Nc5 32. fxe5 Bxe5 33. Nf4 Bf7 34. Nd5 Qa5 35. Bxc5 Qxc5 36. Qf3 Rc2 37. Rb1 Kh7 38. Qf5+ Bg6 0-1


[Site "https://www.chess.com"]

[Event "Titled Tuesday Blitz July 4 Late 2023"]
[White "Aldokhin, Ivan"]
[Black "Bochnicka, Vladimir"]
[WhiteFideId "24115720"]
[BlackFideId "14943450"]
[WhiteElo "2656"]
[BlackElo "2388"]
[Result "1-0"]
[Round "1"]
[TimeControl "180+2"]
[Date "2023.07.04"]
[WhiteClock "0:00:17"]
[BlackClock "0:00:04"]
[Board "91"]

1. e4 c5 2. Nf3 Nc6 3. d4 cxd4 4. Nxd4 e5 5. Nb5 d6 6. N1c3 a6 7. Na3 Be7 8. Nc4 b5 9. Ne3 Nf6 10. Ned5 O-O 11. Nxe7+ Qxe7 12. Bg5 Be6 13. Bd3 h6 14. Bh4 Rfd8 15. O-O Rac8 16. a3 Nd4 17. Nd5 Bxd5 18. exd5 g5 19. c3 gxh4 20. cxd4 Nxd5 21. Bf5 Rc7 22. Qf3 Nf4 23. dxe5 dxe5 24. Rfe1 Qf6 25. Be4 Kh8 26. Rad1 Rg8 27. g3 hxg3 28. hxg3 Qg7 29. Rd6 Ne6 30. Bd5 Ng5 31. Qh5 Kh7 32. Rxe5 Rc5 33. Rxg5 Qxg5 34. Qxf7+ Kh8 35. Rxh6+ Qxh6 36. Qxg8# 1-0


[Site "https://www.chess.com"]

[Event "Titled Tuesday Blitz July 4 Late 2023"]
[White "Gombocz, Ferenc Jr."]
[Black "Andrej2004"]
[WhiteFideId "775029"]
[WhiteElo "2385"]
[BlackElo "2656"]
[Result "0-1"]
[Round "1"]
[TimeControl "180+2"]
[Date "2023.07.04"]
[WhiteClock "0:00:14"]
[BlackClock "0:01:09"]
[Board "92"]

1. c4 b6 2. Nc3 Bb7 3. e4 c5 4. Nge2 g6 5. d3 Bg7 6. g3 Nc6 7. Bg2 d6 8. O-O Nf6 9. h3 O-O 10. Be3 e6 11. d4 cxd4 12. Nxd4 Ne5 13. b3 d5 14. f4 Nc6 15. e5 Nd7 16. Nxc6 Bxc6 17. cxd5 exd5 18. Bxd5 Bxd5 19. Qxd5 Rc8 20. Nb5 Nxe5 21. Qxd8 Rfxd8 22. fxe5 Bxe5 23. Rad1 a6 24. Nd4 Rc3 25. Bf2 Bxg3 26. Ne2 Bxf2+ 27. Kxf2 Rxd1 28. Nxc3 Rd3 29. Ne4 Rxh3 30. Kg2 Re3 31. Nf6+ Kg7 32. Nd5 Re6 33. Rf2 h5 34. Rc2 g5 35. Nc7 Rd6 36. Nxa6 f5 37. Nb4 Rd4 38. Rc4 Rd2+ 39. Kf3 h4 40. Rc2 Rd4 41. Nc6 Rd3+ 42. Ke2 Rg3 43. Nd4 Kf6 44. Rc6+ Ke5 45. Nf3+ Ke4 46. Rc4+ Kd5 47. Rd4+ Ke6 48. Rb4 h3 49. Rxb6+ Kd5 50. Rh6 g4 51. Ng5 Ke5 52. Re6+ Kf4 53. Rg6 Rg2+ 54. Kf1 Rxa2 55. Ne6+ Ke3 56. Rh6 h2 57. Ng5 g3 58. Re6+ Kf4 59. Nh3+ Kg4 60. Nf2+ Rxf2+ 61. Ke1 h1=Q# 0-1


[Site "https://www.chess.com"]

[Event "Titled Tuesday Blitz July 4 Late 2023"]
[White "Salimova, Nurgyul"]
[Black "Semenenko, Dmytry"]
[WhiteFideId "2915138"]
[BlackFideId "14118645"]
[WhiteElo "2656"]
[BlackElo "2385"]
[Result "1-0"]
[Round "1"]
[TimeControl "180+2"]
[Date "2023.07.04"]
[WhiteClock "0:00:47"]
[BlackClock "0:01:28"]
[Board "93"]

1. d4 d5 2. Nf3 Nf6 3. Bf4 c5 4. e3 Nc6 5. Nbd2 e6 6. c3 Bd6 7. Bg3 O-O 8. Bd3 b6 9. O-O Qc7 10. Qe2 e5 11. dxe5 Nxe5 12. Nxe5 Bxe5 13. Bxe5 Qxe5 14. Nf3 Qh5 15. Rfd1 Bg4 16. Bc2 Rad8 17. a4 Ne4 18. h3 Bxf3 19. Qxf3 Qxf3 20. gxf3 Ng5 21. Kg2 Ne6 22. a5 b5 23. Rd2 d4 24. cxd4 cxd4 25. Rad1 Rd6 26. Bf5 Rd5 27. Bxe6 fxe6 28. Rxd4 Rg5+ 29. Rg4 Rgf5 30. Rd7 g6 31. Rxa7 Rxf3 32. Rf4 R8xf4 33. exf4 Rxf4 34. Rb7 Rb4 35. a6 Ra4 36. a7 b4 37. Rb8+ 1-0


[Site "https://www.chess.com"]

[Event "Titled Tuesday Blitz July 4 Late 2023"]
[White "ChawitAp"]
[Black "Fantastic_Power"]
[WhiteElo "2381"]
[BlackElo "2654"]
[Result "0-1"]
[Round "1"]
[TimeControl "180+2"]
[Date "2023.07.04"]
[WhiteClock "0:00:12"]
[BlackClock "0:00:29"]
[Board "94"]

1. d4 Nf6 2. c3 d5 3. Nf3 e6 4. Bf4 c5 5. e3 Nc6 6. Nbd2 Bd6 7. Bb5 O-O 8. O-O Qc7 9. Bxd6 Qxd6 10. Bxc6 bxc6 11. Ne5 Rb8 12. Rb1 Nd7 13. Ndf3 cxd4 14. cxd4 c5 15. Nxd7 Bxd7 16. dxc5 Qxc5 17. Qd4 Qxd4 18. Nxd4 e5 19. Nb3 Rfc8 20. Rfc1 Bf5 21. Rxc8+ Rxc8 22. Rc1 Rxc1+ 23. Nxc1 f6 24. Kf1 Kf7 25. Ke2 Ke6 26. f3 Kd6 27. b4 Kc6 28. Nb3 Kb5 29. Na5 Bd7 30. Nb7 Kxb4 31. g4 Ka3 32. f4 Bxg4+ 33. Kd3 Bf5+ 34. Kc3 Kxa2 35. Nd6 Bd7 36. Kb4 Kb2 37. fxe5 fxe5 38. Kc5 Be6 39. Ne8 g6 40. Nc7 Bf7 41. Nb5 a5 42. Nd6 Be6 43. Kb5 d4 44. exd4 exd4 45. Kxa5 d3 46. Ne4 Kc2 47. Kb4 d2 48. Nxd2 Kxd2 49. Kc5 Ke3 50. h4 Kf4 51. Kd4 Kg4 52. Ke3 Kxh4 53. Kf2 Kg4 0-1


[Site "https://www.chess.com"]

[Event "Titled Tuesday Blitz July 4 Late 2023"]
[White "Fisher_TheGalactic"]
[Black "Romero Arzuaga, Yudel"]
[BlackFideId "3521010"]
[WhiteElo "2651"]
[BlackElo "2379"]
[Result "1-0"]
[Round "1"]
[TimeControl "180+2"]
[Date "2023.07.04"]
[WhiteClock "0:01:16"]
[BlackClock "0:01:31"]
[Board "95"]

1. Nf3 Nf6 2. g3 b6 3. Bg2 Bb7 4. O-O g6 5. d3 Bg7 6. Nbd2 O-O 7. e4 d6 8. Qe2 Nbd7 9. Re1 e5 10. Nf1 a5 11. h4 h5 12. Bg5 Re8 13. Ne3 Nf8 14. Nd5 Ne6 15. c4 Nxg5 16. Nxg5 Nh7 17. Nxh7 Kxh7 18. Bf3 Bxd5 19. cxd5 Bh6 20. a4 Rf8 21. Ra3 Qd7 22. Bg2 f5 23. exf5 Qxf5 24. Rc3 Rf7 25. Be4 Qf6 26. Rf1 Kg7 27. f3 g5 28. hxg5 Qxg5 29. Qh2 Rg8 30. Kh1 Kf8 31. Rg1 Rgg7 32. Rg2 Qc1+ 33. Rxc1 1-0


[Site "https://www.chess.com"]

[Event "Titled Tuesday Blitz July 4 Late 2023"]
[White "Prieto Aranguren, Alain"]
[Black "Guerra Tulcan, Lenin"]
[WhiteFideId "2268906"]
[BlackFideId "3601382"]
[WhiteElo "2378"]
[BlackElo "2651"]
[Result "0-1"]
[Round "1"]
[TimeControl "180+2"]
[Date "2023.07.04"]
[WhiteClock "0:00:37"]
[BlackClock "0:00:47"]
[Board "96"]

1. d4 Nf6 2. c4 c5 3. d5 b5 4. cxb5 a6 5. b6 d6 6. Nc3 Nbd7 7. e4 g6 8. Nf3 Bg7 9. Be2 O-O 10. O-O Rb8 11. Nd2 Nxb6 12. Nc4 Nxc4 13. Bxc4 Nd7 14. Qe2 Qa5 15. Kh1 Ne5 16. f4 Nxc4 17. Qxc4 Rb4 18. Qe2 Bd7 19. e5 Bb5 20. Nxb5 Qxb5 21. Qxb5 axb5 22. exd6 exd6 23. f5 Bxb2 24. Rb1 Bxc1 25. Rxb4 cxb4 26. Rxc1 gxf5 27. Rb1 Ra8 28. h3 Kg7 29. Rxb4 Kf6 30. Rxb5 Rxa2 31. Kh2 Rd2 32. Kg3 h5 33. Kf3 Ke5 34. Rb7 Rxd5 35. Rxf7 h4 36. Rh7 Rd3+ 37. Kf2 Rd4 38. Kf3 d5 39. Re7+ Kf6 40. Rh7 Ra4 41. Rd7 Ke6 42. Rd8 d4 43. Rh8 d3 44. Ke3 Rd4 45. Kd2 Ke5 46. Re8+ Kf4 47. Re3 Ra4 48. Rf3+ Ke4 49. Re3+ Kf4 50. Rf3+ Kg5 51. Kxd3 Ra2 52. g3 hxg3 53. Rxg3+ Kf4 54. Rg1 Ra3+ 55. Ke2 Rxh3 56. Kf2 Rh2+ 57. Kf1 Ra2 58. Rg8 Kf3 59. Ke1 f4 60. Rb8 Ra1+ 61. Kd2 Kf2 62. Kd3 f3 63. Rb2+ Kg3 64. Rb8 f2 65. Rg8+ Kh4 66. Rh8+ Kg5 0-1


[Site "https://www.chess.com"]

[Event "Titled Tuesday Blitz July 4 Late 2023"]
[White "Jeet, Jain"]
[Black "Toolin, Christopher"]
[WhiteFideId "5073022"]
[BlackFideId "2024543"]
[WhiteElo "2650"]
[BlackElo "2377"]
[Result "1-0"]
[Round "1"]
[TimeControl "180+2"]
[Date "2023.07.04"]
[WhiteClock "0:00:11"]
[BlackClock "0:00:00"]
[Board "97"]

1. d4 Nf6 2. c4 e6 3. Nf3 d5 4. Nc3 Bb4 5. Bg5 c5 6. e3 Nbd7 7. a3 Bxc3+ 8. bxc3 Qa5 9. Qc2 Ne4 10. Bd3 Qxc3+ 11. Qxc3 Nxc3 12. Rc1 Ne4 13. Bxe4 dxe4 14. Nd2 f5 15. O-O O-O 16. Be7 Rf7 17. Bxc5 Nxc5 18. dxc5 Rc7 19. Nb3 b6 20. Rfd1 bxc5 21. Rd8+ Kf7 22. Na5 Ke7 23. Rcd1 Rb8 24. h4 Rb2 25. Rh8 h6 26. Rdd8 Bd7 27. Rdg8 Kf7 28. h5 Ra2 29. Nb3 Rxa3 30. Nd2 Rd3 31. Nf1 a5 32. Ra8 Rb7 33. Ng3 a4 34. Ne2 e5 35. g4 a3 36. gxf5 Rd2 37. Ng3 a2 38. Kg2 Rb1 39. f6 gxf6 40. Nxe4 Bc6 41. Rh7+ Ke6 42. Ra6 a1=Q 43. Rxc6+ Kf5 44. Ng3+ Kg5 45. Rg7+ Kh4 46. Nf5+ Kxh5 47. Ng3+ Kh4 48. Kf3 e4+ 49. Nxe4 Qe5 50. Rg4+ Kh3 51. Rxf6 1-0


[Site "https://www.chess.com"]

[Event "Titled Tuesday Blitz July 4 Late 2023"]
[White "micke12a"]
[Black "MKlose11"]
[WhiteElo "2377"]
[BlackElo "2648"]
[Result "0-1"]
[Round "1"]
[TimeControl "180+2"]
[Date "2023.07.04"]
[WhiteClock "0:00:01"]
[BlackClock "0:00:15"]
[Board "98"]

1. e4 e6 2. d4 d5 3. exd5 exd5 4. Bd3 Nf6 5. h3 c5 6. dxc5 Bxc5 7. Nf3 O-O 8. O-O Nc6 9. a3 Qd6 10. b4 Bb6 11. Bb2 Bd7 12. Nbd2 Rfe8 13. c4 Bc7 14. c5 Qf4 15. Qc2 Ne4 16. Rfe1 Bf5 17. Re2 Nxd2 18. Qxd2 Qxd2 19. Rxd2 Be4 20. Bxe4 dxe4 21. Nd4 Bf4 22. Re2 Rad8 23. Nxc6 bxc6 24. Rae1 f5 25. g3 Bc7 26. Kg2 Rd3 27. Re3 Red8 28. f3 Rxe3 29. Rxe3 Rd2+ 30. Kf1 Rxb2 31. fxe4 fxe4 32. Rxe4 Bxg3 33. Re7 Rf2+ 34. Kg1 Ra2 35. Rxa7 Be5 36. a4 h6 37. Kf1 Bc3 38. b5 cxb5 39. Ra8+ Kh7 40. c6 Be5 41. Re8 Bh2 42. axb5 Rb2 43. Re7 Rxb5 44. c7 Rc5 45. Re2 Bxc7 46. Kg2 Bd8 0-1


[Site "https://www.chess.com"]

[Event "Titled Tuesday Blitz July 4 Late 2023"]
[White "Hilary46"]
[Black "Fernandez Siles, Luis"]
[BlackFideId "2209420"]
[WhiteElo "2644"]
[BlackElo "2370"]
[Result "1-0"]
[Round "1"]
[TimeControl "180+2"]
[Date "2023.07.04"]
[WhiteClock "0:01:02"]
[BlackClock "0:00:06"]
[Board "99"]

1. e4 c5 2. Nf3 Nc6 3. d4 cxd4 4. Nxd4 Nf6 5. Nc3 e5 6. Ndb5 d6 7. Bg5 a6 8. Na3 b5 9. Bxf6 gxf6 10. Nd5 f5 11. Bd3 Be6 12. O-O Bg7 13. Qh5 f4 14. c3 O-O 15. Nc2 f5 16. a4 Bxd5 17. exd5 Ne7 18. axb5 axb5 19. Bxb5 Rb8 20. c4 Nxd5 21. Ra7 Nf6 22. Qe2 e4 23. Nd4 Qb6 24. Nxf5 Qxa7 25. Nxd6 Qe7 26. c5 Kh8 27. b4 Qe5 28. Rd1 Bh6 29. Qc4 Qh5 30. Re1 f3 31. g3 Ng4 32. h4 e3 33. Rxe3 Nxe3 34. Qc3+ Bg7 35. Qxe3 Qg4 36. c6 Bd4 37. Qg5 Qxg5 38. hxg5 Be5 39. Nb7 Ra8 40. Bc4 Bxg3 41. fxg3 f2+ 42. Kg2 Ra1 43. Bf1 Rb1 44. b5 Kg7 45. Nd6 Rd8 46. c7 1-0


[Site "https://www.chess.com"]

[Event "Titled Tuesday Blitz July 4 Late 2023"]
[White "Slovineanu, Viacheslav"]
[Black "Popilski, Gil"]
[WhiteFideId "13900510"]
[BlackFideId "2809060"]
[WhiteElo "2369"]
[BlackElo "2635"]
[Result "0-1"]
[Round "1"]
[TimeControl "180+2"]
[Date "2023.07.04"]
[WhiteClock "0:00:00"]
[BlackClock "0:01:14"]
[Board "100"]

1. d4 Nf6 2. Nf3 b5 3. a4 b4 4. c4 c5 5. dxc5 Na6 6. Bg5 Nxc5 7. Bxf6 exf6 8. e3 Bb7 9. Nbd2 b3 10. Be2 Rb8 11. O-O Be7 12. Nd4 O-O 13. a5 g6 14. N2xb3 Nxb3 15. Nxb3 Ba8 16. Qc2 Qc7 17. Nd4 Qb7 18. Bf3 Qxb2 19. Bxa8 Qxc2 20. Nxc2 Rxa8 21. Rfd1 Rfd8 22. Rab1 Rac8 23. Rd4 d5 24. Rb7 Kf8 25. Kf1 Rxc4 26. Rxc4 dxc4 27. Ke2 c3 28. Nd4 Bc5 29. Kd3 Rc8 30. a6 Bb6 31. Kc2 Rc5 32. Nb3 Rc6 33. Nd4 Bxd4 34. exd4 Rxa6 35. Kxc3 Ra2 36. d5 Rxf2 0-1


[Site "https://www.chess.com"]

[Event "Titled Tuesday Blitz July 4 Late 2023"]
[White "Ganiev, Roman"]
[Black "Cooklev, Steven"]
[WhiteFideId "4131452"]
[BlackFideId "2050552"]
[WhiteElo "2634"]
[BlackElo "2368"]
[Result "1-0"]
[Round "1"]
[TimeControl "180+2"]
[Date "2023.07.04"]
[WhiteClock "0:00:56"]
[BlackClock "0:00:00"]
[Board "101"]

1. e4 c5 2. Nf3 Nc6 3. Bb5 Nf6 4. e5 Nd5 5. Nc3 Nc7 6. Bxc6 dxc6 7. O-O h6 8. h3 g5 9. Re1 g4 10. hxg4 Bxg4 11. Ne4 Ne6 12. c3 c4 13. b3 Ng5 14. Nexg5 hxg5 15. Qe2 Qd5 16. Qe4 Qe6 17. Nd4 Qh6 18. f3 Qh2+ 19. Kf1 Bh5 20. e6 Bg6 21. exf7+ Kxf7 22. Qe6+ Kg7 23. Nf5+ Kh7 24. bxc4 g4 25. fxg4 Qf4+ 26. Kg1 Qxg4 27. Nxe7 1-0


[Site "https://www.chess.com"]

[Event "Titled Tuesday Blitz July 4 Late 2023"]
[White "financieru"]
[Black "Martinez Ramirez, Lennis"]
[BlackFideId "3509079"]
[WhiteElo "2368"]
[BlackElo "2632"]
[Result "1-0"]
[Round "1"]
[TimeControl "180+2"]
[Date "2023.07.04"]
[WhiteClock "0:00:27"]
[BlackClock "0:00:08"]
[Board "102"]

1. d4 Nf6 2. c4 e6 3. Nc3 Bb4 4. f3 d5 5. a3 Bxc3+ 6. bxc3 O-O 7. e3 c5 8. cxd5 exd5 9. Bd3 Re8 10. Ne2 b6 11. O-O Ba6 12. Bxa6 Nxa6 13. g4 h5 14. h3 Nc7 15. Ng3 hxg4 16. hxg4 g6 17. Ra2 Ne6 18. Rh2 Qd6 19. Kg2 Kg7 20. e4 dxe4 21. g5 Nh5 22. Rxh5 e3 23. Bxe3 Rad8 24. Rfh1 Kf8 25. Rh8+ Ke7 26. Rxe8+ Rxe8 27. Ne4 Qd5 28. dxc5 Qa2+ 29. Qd2 Qxd2+ 30. Bxd2 bxc5 31. Be3 Rc8 32. Rb1 Rc7 33. Rb5 c4 34. Ra5 Rc6 35. Rxa7+ Kf8 36. a4 Nc7 37. Bc5+ Kg7 38. Bd4+ Kf8 39. a5 Ke7 40. Be5 Ke6 41. Bxc7 Ra6 42. Rxa6+ Kf5 43. Rf6# 1-0


[Site "https://www.chess.com"]

[Event "Titled Tuesday Blitz July 4 Late 2023"]
[White "Di Berardino, Diego Rafael"]
[Black "BenchGM"]
[WhiteFideId "2105446"]
[WhiteElo "2629"]
[BlackElo "2367"]
[Result "1-0"]
[Round "1"]
[TimeControl "180+2"]
[Date "2023.07.04"]
[WhiteClock "0:00:09"]
[BlackClock "0:00:00"]
[Board "103"]

1. d4 Nf6 2. c4 e6 3. Nc3 Bb4 4. e3 O-O 5. Bd3 d5 6. a3 Bxc3+ 7. bxc3 c5 8. cxd5 Nxd5 9. Ne2 Nc6 10. O-O cxd4 11. cxd4 e5 12. Bb2 exd4 13. Nxd4 Ne5 14. Bxh7+ Kxh7 15. Qh5+ Kg8 16. Qxe5 Re8 17. Qg3 Nf6 18. Rad1 Qb6 19. Ba1 Ne4 20. Qf4 Qg6 21. f3 Bh3 22. g4 Bxf1 23. Rxf1 Nd2 24. Rd1 Nc4 25. Nf5 Nb6 26. Bxg7 Red8 27. Bd4 Re8 28. Kf2 Nd5 29. Nh6+ Kh7 30. Qf5 1-0


[Site "https://www.chess.com"]

[Event "Titled Tuesday Blitz July 4 Late 2023"]
[White "Mindhunter08"]
[Black "Lamaze, Simon"]
[BlackFideId "36069264"]
[WhiteElo "2364"]
[BlackElo "2627"]
[Result "1-0"]
[Round "1"]
[TimeControl "180+2"]
[Date "2023.07.04"]
[WhiteClock "0:00:13"]
[BlackClock "0:01:45"]
[Board "104"]

1. e4 b6 2. d4 Bb7 3. Bd3 e6 4. Nf3 g6 5. O-O Bg7 6. Re1 h6 7. c4 d6 8. Nc3 Nd7 9. Qe2 Ne7 10. h3 a6 11. Bf4 e5 12. dxe5 Nxe5 13. Bxe5 dxe5 14. Rad1 O-O 15. c5 Qc8 16. Bc4 bxc5 17. Na4 Nc6 18. Nxc5 Nd4 19. Nxd4 exd4 20. Rc1 a5 21. Nxb7 Qxb7 22. Bd5 Qb6 23. Bxa8 Rxa8 24. b3 a4 25. Qc4 axb3 26. axb3 Ra7 27. e5 Rb7 28. e6 fxe6 29. Rxe6 Qxb3 30. Re8+ Kh7 31. Qxb3 Rxb3 32. Rxc7 d3 33. Rd7 d2 34. Kh2 g5 35. Ree7 Rb1 36. Rxd2 Kg6 37. Rd6+ Bf6 38. Ree6 1-0


[Site "https://www.chess.com"]

[Event "Titled Tuesday Blitz July 4 Late 2023"]
[White "Rostomyan, Mikayel"]
[Black "Zhou, Qiyu"]
[WhiteFideId "13313754"]
[BlackFideId "505161"]
[WhiteElo "2625"]
[BlackElo "2361"]
[Result "1-0"]
[Round "1"]
[TimeControl "180+2"]
[Date "2023.07.04"]
[WhiteClock "0:01:06"]
[BlackClock "0:01:17"]
[Board "105"]

1. d4 Nf6 2. Nf3 d5 3. c4 e6 4. g3 Bb4+ 5. Bd2 Be7 6. Bg2 O-O 7. Qc2 c6 8. O-O b6 9. Bf4 a5 10. Nbd2 Ba6 11. Rac1 Bb7 12. Ne5 Nfd7 13. e4 Nxe5 14. Bxe5 f6 15. Bf4 Bd6 16. Be3 Nd7 17. exd5 cxd5 18. cxd5 exd5 19. Qb3 Kh8 20. Bxd5 Rb8 21. Bxb7 Rxb7 22. Qd5 Qb8 23. Rc6 Bb4 24. Ne4 Rd8 25. Bf4 Qa8 26. Nd6 Bxd6 27. Rxd6 Qa7 28. Re1 Rf8 29. Re7 Rd8 30. Qf7 Rg8 1-0


[Site "https://www.chess.com"]

[Event "Titled Tuesday Blitz July 4 Late 2023"]
[White "Silva, Pedro Gil Ferreira Da"]
[Black "Domingo Nunez, Ruben"]
[WhiteFideId "1946102"]
[BlackFideId "22245570"]
[WhiteElo "2360"]
[BlackElo "2625"]
[Result "0-1"]
[Round "1"]
[TimeControl "180+2"]
[Date "2023.07.04"]
[WhiteClock "0:01:13"]
[BlackClock "0:02:21"]
[Board "106"]

1. e4 g6 2. d4 Bg7 3. Nc3 c6 4. Nf3 d5 5. h3 dxe4 6. Nxe4 Nf6 7. Nxf6+ exf6 8. Bc4 O-O 9. O-O a5 10. a4 Na6 11. c3 Nc7 12. Re1 Nd5 13. Be3 Be6 14. Qd3 Qd6 15. Rad1 Rfe8 16. Nd2 f5 17. Nf3 Rab8 18. Bc1 Rbd8 19. Ne5 Nb6 20. Bxe6 Qxe6 21. Qc2 Qa2 22. Nd3 Qxa4 23. b3 Qb5 24. Nc5 Nd5 25. Bg5 Rc8 26. c4 Nb4 27. Qc3 Qxc5 0-1


[Site "https://www.chess.com"]

[Event "Titled Tuesday Blitz July 4 Late 2023"]
[White "Skatchkov, Valery"]
[Black "Bazilius, Augustinas"]
[WhiteFideId "24195812"]
[BlackFideId "12832251"]
[WhiteElo "2624"]
[BlackElo "2358"]
[Result "1-0"]
[Round "1"]
[TimeControl "180+2"]
[Date "2023.07.04"]
[WhiteClock "0:01:55"]
[BlackClock "0:01:48"]
[Board "107"]

1. d4 Nf6 2. c4 g6 3. Nc3 d5 4. Bg5 Ne4 5. Bf4 Nxc3 6. bxc3 Bg7 7. Nf3 dxc4 8. e4 c5 9. Bxc4 Nc6 10. O-O cxd4 11. cxd4 Nxd4 12. Nxd4 Qxd4 13. Bb5+ Bd7 14. Qxd4 Bxd4 15. Bxd7+ Kxd7 16. Rad1 1-0


[Site "https://www.chess.com"]

[Event "Titled Tuesday Blitz July 4 Late 2023"]
[White "Todorovic, Bojan"]
[Black "Karttunen, Mika"]
[WhiteFideId "917087"]
[BlackFideId "502081"]
[WhiteElo "2357"]
[BlackElo "2619"]
[Result "0-1"]
[Round "1"]
[TimeControl "180+2"]
[Date "2023.07.04"]
[WhiteClock "0:00:00"]
[BlackClock "0:00:09"]
[Board "108"]

1. d4 Nf6 2. c4 e6 3. Nf3 d5 4. Nc3 Bb4 5. Qa4+ Nc6 6. e3 O-O 7. Bd2 Re8 8. Be2 a6 9. Qc2 h6 10. O-O Bd6 11. a3 Bd7 12. b4 dxc4 13. Bxc4 e5 14. d5 Ne7 15. e4 Ng6 16. Rfe1 Nh5 17. g3 Bh3 18. Bf1 Qd7 19. Qd3 Qg4 20. Bxh3 Qxh3 21. Qf1 Qd7 22. Be3 Rf8 23. Nd2 Rad8 24. Nc4 Kh7 25. Rac1 Nf6 26. f3 Ng8 27. Bc5 f5 28. Nxd6 cxd6 29. Bb6 Rc8 30. Qh3 N8e7 31. a4 Qe8 32. a5 Rc4 33. exf5 Nxf5 34. Ne4 Qb5 35. g4 Rxc1 36. Rxc1 Nf4 37. Qf1 Qxf1+ 38. Rxf1 Ne7 39. Nxd6 Nexd5 40. Bc5 Rb8 41. Re1 Nd3 42. Re4 Kg6 43. h4 h5 44. Kg2 b6 45. axb6 Nxb6 46. Re3 Nf4+ 47. Kg3 Nd7 48. Ra3 Ra8 49. Be3 Nd5 50. b5 Nxe3 51. Rxe3 axb5 52. Nxb5 Ra5 53. Nd6 Ra4 54. Nf5 Kf6 55. Rd3 Nc5 56. Rd6+ Ne6 57. Ne3 Ke7 58. Rd5 e4 59. f4 Ra3 60. Kf2 hxg4 61. f5 g3+ 62. Ke2 Nf4+ 63. Kd2 Nxd5 64. Nxd5+ Kd6 0-1


[Site "https://www.chess.com"]

[Event "Titled Tuesday Blitz July 4 Late 2023"]
[White "Filgueira, Hernan"]
[Black "Medeiros,Thauane Ferreira"]
[WhiteFideId "101770"]
[BlackFideId "2134470"]
[WhiteElo "2614"]
[BlackElo "2357"]
[Result "1-0"]
[Round "1"]
[TimeControl "180+2"]
[Date "2023.07.04"]
[WhiteClock "0:01:20"]
[BlackClock "0:00:12"]
[Board "109"]

1. e4 e6 2. d4 d5 3. Nd2 dxe4 4. Nxe4 Nd7 5. Nf3 Ngf6 6. Bg5 Be7 7. Nxf6+ Bxf6 8. h4 h6 9. Be3 c5 10. c3 b6 11. dxc5 bxc5 12. Bb5 Qc7 13. Qa4 Rb8 14. O-O O-O 15. Rad1 Nb6 16. Qc2 Be7 17. Be2 Bb7 18. c4 Bf6 19. Rfe1 Rfd8 20. Rxd8+ Rxd8 21. b3 a5 22. Rd1 Be7 23. h5 a4 24. Rxd8+ Qxd8 25. Qd2 axb3 26. axb3 Qxd2 27. Nxd2 Kf8 28. b4 Nd7 29. b5 Ke8 30. Nb3 Kd8 31. f4 Be4 32. Bd2 f5 33. Ba5+ Kc8 34. Kf2 Kb7 35. g4 Nf6 36. gxf5 exf5 37. Bc3 Kb6 38. Ba5+ Kb7 39. Ke3 Bc2 40. Nd2 Ne4 41. Nxe4 Bxe4 42. Bc3 Bf6 43. Be5 Kb6 44. Bd3 Bxd3 45. Kxd3 Ka5 46. Bc7+ Kb4 47. b6 1-0


[Site "https://www.chess.com"]

[Event "Titled Tuesday Blitz July 4 Late 2023"]
[White "Svicevic, Rastko"]
[Black "Sun, Rick"]
[WhiteFideId "916315"]
[BlackFideId "30909481"]
[WhiteElo "2356"]
[BlackElo "2611"]
[Result "0-1"]
[Round "1"]
[TimeControl "180+2"]
[Date "2023.07.04"]
[WhiteClock "0:00:00"]
[BlackClock "0:00:51"]
[Board "110"]

1. e4 d6 2. d4 Nf6 3. Nc3 Nbd7 4. f4 e5 5. Nf3 exd4 6. Nxd4 g6 7. Be3 Bg7 8. Be2 O-O 9. O-O Re8 10. Bf3 Nc5 11. e5 dxe5 12. fxe5 Rxe5 13. Bf4 Re8 14. Kh1 c6 15. h3 Ne6 16. Be5 Ng5 17. Bh2 Nxf3 18. Rxf3 Qb6 19. Nb3 Be6 20. Qf1 Nd5 0-1


[Site "https://www.chess.com"]

[Event "Titled Tuesday Blitz July 4 Late 2023"]
[White "Grinev, Valeriy"]
[Black "De Prado Rodriguez, Oscar Bruno"]
[WhiteFideId "14117517"]
[BlackFideId "2203600"]
[WhiteElo "2606"]
[BlackElo "2355"]
[Result "1/2-1/2"]
[Round "1"]
[TimeControl "180+2"]
[Date "2023.07.04"]
[WhiteClock "0:00:21"]
[BlackClock "0:00:45"]
[Board "111"]

1. e4 d5 2. exd5 Qxd5 3. Nc3 Qd6 4. Nf3 Nf6 5. h3 g6 6. d4 Bg7 7. Be3 a6 8. Qd2 O-O 9. a3 b5 10. Be2 Bb7 11. O-O-O Nbd7 12. Rhe1 Rfe8 13. Kb1 Nd5 14. Ne4 Qb6 15. Nc5 Rad8 16. Qc1 Nxe3 17. Qxe3 Nxc5 18. dxc5 Qf6 19. c3 e6 20. Ka1 Rd5 21. Rxd5 Bxd5 22. g4 c6 23. Bd1 a5 24. Nd4 b4 25. g5 Qd8 26. cxb4 axb4 27. axb4 Qa8+ 28. Kb1 Qa2+ 29. Kc1 Qa1+ 30. Kc2 Qa4+ 31. Kc3 Qb5 32. Qd3 Qb7 33. f4 Rb8 34. b5 cxb5 35. b4 Ra8 36. Bb3 Ra3 37. Re5 Bxe5 38. fxe5 Bxb3 39. Nxb3 Qb8 40. Qd6 Qa8 41. c6 Qa4 42. Qd8+ Kg7 43. Qf6+ Kf8 44. Qh8+ Ke7 45. Qf6+ Kf8 46. Qd8+ Kg7 47. Qd1 Qa6 48. Qf3 Qa4 49. Kb2 Ra2+ 50. Kb1 Rh2 51. Qf6+ Kg8 52. Qd8+ Kg7 53. Qf6+ Kg8 54. Qd8+ Kg7 55. Qf6+ 1/2-1/2


[Site "https://www.chess.com"]

[Event "Titled Tuesday Blitz July 4 Late 2023"]
[White "Kanyamarala, Trisha"]
[Black "Vdovin, Vadim"]
[WhiteFideId "45004722"]
[BlackFideId "24107158"]
[WhiteElo "2355"]
[BlackElo "2605"]
[Result "1-0"]
[Round "1"]
[TimeControl "180+2"]
[Date "2023.07.04"]
[WhiteClock "0:00:52"]
[BlackClock "0:00:00"]
[Board "112"]

1. c4 e6 2. Nc3 d5 3. e3 Nf6 4. Nf3 c5 5. cxd5 exd5 6. d4 a6 7. Bd3 Nc6 8. O-O Bg4 9. h3 Bh5 10. Be2 Bd6 11. dxc5 Bxc5 12. Nd4 Bg6 13. b3 Bxd4 14. exd4 O-O 15. Bf3 Rc8 16. Bg5 Nb4 17. Bxf6 gxf6 18. Rc1 Nd3 19. Rc2 Nf4 20. Rc1 Qa5 21. Qd2 Nd3 22. Rc2 Nb4 23. Rcc1 Nd3 24. Rc2 Rfd8 25. Nxd5 Qxd2 26. Rxd2 Kg7 27. Ne7 Rc7 28. Nxg6 Rxd4 29. Nf4 Rxf4 30. Rxd3 Rc2 31. a4 b5 32. axb5 axb5 33. Re1 Rb4 34. Re7 Kf8 35. Rb7 Rc5 36. Rdd7 Rf4 37. Rxf7+ Ke8 38. Rxh7 1-0


[Site "https://www.chess.com"]

[Event "Titled Tuesday Blitz July 4 Late 2023"]
[White "Janaszak, Dawid"]
[Black "ElenGajger"]
[WhiteFideId "1119206"]
[WhiteElo "2605"]
[BlackElo "2354"]
[Result "1-0"]
[Round "1"]
[TimeControl "180+2"]
[Date "2023.07.04"]
[WhiteClock "0:01:34"]
[BlackClock "0:00:42"]
[Board "113"]

1. e4 c5 2. Nc3 Nc6 3. Bb5 Nd4 4. Nf3 Nxb5 5. Nxb5 g6 6. d4 a6 7. Nc3 Bg7 8. dxc5 Qa5 9. Bd2 Qxc5 10. Nd5 d6 11. O-O Be6 12. Bb4 Qc6 13. Nd4 Bxd4 14. Qxd4 f6 15. a4 Nh6 16. Ra3 Bxd5 17. exd5 Qd7 18. Re1 Kf7 19. c4 Rac8 20. Rae3 Nf5 21. Qg4 Qxa4 22. Rxe7+ Nxe7 23. Qe6+ Kg7 24. Qxe7+ Kh6 25. Bd2+ g5 26. Qxf6+ Kh5 27. Qxg5# 1-0


[Site "https://www.chess.com"]